 Dungeon Crawl Stone Soup version 0.18.1-48-g4cf74bf (webtiles) character file.

80 WarriorsX the Slasher (level 4, -4/35 HPs)
             Began as a Human Fighter on July 30, 2016.
             Slain by WarriorsX's ghost (11 damage)
             ... on level 3 of the Dungeon.
             The game lasted 00:04:29 (1625 turns).

WarriorsX the Slasher (Human Fighter)               Turns: 1625, Time: 00:04:30

Health: -4/35      AC:  8    Str: 18      XL:     4   Next: 65%
Magic:  4/4        EV:  2    Int:  7 (8)  God:
Gold:   115        SH:  8    Dex: 10 (12) Spells: 0 memorised, 3 levels left

rFire  . . .     SeeInvis .     a - +0 long sword
rCold  + . .     Gourm    .     b - +0 scale mail
rNeg   . . .     Faith    .     c - +0 shield
rPois  .         Spirit   .     (no helmet)
rElec  .         Dismiss  .     i - +0 cloak
rCorr  .         Reflect  .     (no gloves)
SustAt .         Harm     .     (no boots)
MR     .....                    (no amulet)
Stlth  ..........               (no ring)
                                (no ring)

@: not resistant to hostile enchantments, extremely unstealthy
A: molten scales 1, cold resistance 1
a: no special abilities


You were on level 3 of the Dungeon.
You were hungry.

You visited 1 branch of the dungeon, and saw 3 of its levels.

You collected 115 gold pieces.

Inventory:

Hand Weapons
 a - a +0 long sword (weapon)
Armour
 b - a +0 scale mail (worn)
 c - a +0 shield (worn)
 i - a +0 cloak (worn)
Jewellery
 j - an uncursed ring of fire
Wands
 n - a wand of confusion (13/48)
Scrolls
 e - 2 scrolls of remove curse
 k - 2 scrolls of identify {unknown}
 m - a scroll of teleportation
Potions
 d - a potion of might
 h - 2 potions of curing
 l - a potion of resistance
Comestibles
 f - a bread ration
 g - a meat ration


   Skills:
 - Level 3.0 Fighting
 + Level 4.4 Long Blades
 - Level 3.0 Armour
 - Level 0.2 Stealth
 - Level 3.0 Shields


You had 3 spell levels left.
You didn't know any spells.

Dungeon Overview and Level Annotations

Branches:
Dungeon (3/15)

Altars:

Annotations:
D:3 WarriorsX's ghost, amateur HuFi


Innate Abilities, Weirdness & Mutations

You are partially covered in molten scales (AC +1).
Your flesh is cold resistant.


Message History

You hit WarriorsX's ghost.
WarriorsX's ghost is lightly damaged.
You block WarriorsX's ghost's attack.
You hit WarriorsX's ghost but do no damage.
WarriorsX's ghost is lightly damaged.
WarriorsX's ghost hits you.
You hit WarriorsX's ghost but do no damage.
WarriorsX's ghost is lightly damaged.
WarriorsX's ghost hits you.
You hit WarriorsX's ghost but do no damage.
WarriorsX's ghost is lightly damaged.
WarriorsX's ghost shrieks, "They lied to you.
The Dungeon just goes down and down forever."
WarriorsX's ghost hits you!
You barely miss WarriorsX's ghost.
WarriorsX's ghost is lightly damaged.
WarriorsX's ghost hits you!
* * * LOW HITPOINT WARNING * * *
You block WarriorsX's ghost's attack. WarriorsX's ghost hits you!
You die...

#....#.##.#
#.........#
####.#.####
.......#
####.### .....#
###..#
#..#############
#......o....oW@#
#)############.#
#.....# #.#
#####.# #.#
#.########.#
#.#........#
#.#.########
#.#.# #.#.#


You could see an orc wizard, WarriorsX's ghost and an orc (wandering).

Vanquished Creatures
  2 adders
  A worm (D:2)
  2 dart slugs
  A giant gecko (D:2)
  An orc (D:2)
  A giant cockroach (D:1)
  5 goblins
  2 hobgoblins
  11 jackals
  5 kobolds
  A quokka (D:1)
  A ball python (D:2)
  7 bats
  4 giant newts
  6 rats
50 creatures vanquished.

Notes
Turn   | Place    | Note
--------------------------------------------------------------
     0 | D:1      | WarriorsX the Human Fighter began the quest for the Orb.
     0 | D:1      | Reached XP level 1. HP: 18/18 MP: 1/1
    19 | D:1      | Gained mutation: Your muscles are strong. (Str +2) [potion of mutation]
    19 | D:1      | Lost mutation: Your muscles are strong. (Str +2) [potion of mutation]
    19 | D:1      | Gained mutation: You are dopey. (Int -2) [potion of mutation]
   200 | D:1      | Reached XP level 2. HP: 24/24 MP: 2/2
   237 | D:1      | Gained mutation: Your flesh is cold resistant. [potion of mutation]
   237 | D:1      | Lost mutation: You are dopey. (Int -2) [potion of mutation]
   237 | D:1      | Gained mutation: You are partially covered in molten scales (AC +1). [potion of mutation]
   315 | D:1      | Reached skill level 3 in Long Blades
   433 | D:1      | Reached XP level 3. HP: 24/29 MP: 3/3
  1058 | D:2      | Reached XP level 4. HP: 27/35 MP: 4/4
  1155 | D:2      | Reached skill level 4 in Long Blades
  1587 | D:3      | Noticed WarriorsX's ghost (amateur HuFi)
  1625 | D:3      | Slain by WarriorsX's ghost

Skill      XL: |  1  2  3  4 |
---------------+-------------+-----
Long Blades    | 3 4 |  4.4
Fighting       | |  3.0
Armour         | |  3.0
Stealth        | |  0.2
Shields        | |  3.0

Action                   |  1- 3 |  4- 6 || total
-------------------------+-------+-------++-------
Melee: Long sword        |   123 |    50 ||   173
  Use: Potion            |     6 |       ||     6
       Scroll            |     7 |       ||     7
  Eat: Chunk             |       |     2 ||     2
Armor: Scale mail        |    79 |    30 ||   109
Dodge: Dodged            |    52 |    25 ||    77
Block: Shield            |    82 |    20 ||   102
